 Dungeon Crawl Stone Soup version 0.31.0-11-ge490571c62 (webtiles) character file.

Game seed: 13269399608186313931

52 hawla the Conjurer (level 3, -1/26 HPs)
             Began as a Draconian Conjurer on Jan 30, 2024.
             Slain by Robin
             ... wielding a +6 club
              (6 damage)
             ... on level 2 of the Dungeon.
             The game lasted 00:04:37 (1594 turns).

hawla the Conjurer (Draconian Conjurer)             Turns: 1594, Time: 00:04:37

Health: -1/26      AC:  5    Str: 17    XL:     3   Next: 60%
Magic:  0/6        EV: 11    Int: 18    God:
Gold:   87         SH:  0    Dex:  7    Spells: 3/6 levels left

rFire   + . .        (no weapon)
rCold   . . .        (no shield)
rNeg    . . .        (body armour unavailable)
rPois   .            (helmet restricted)
rElec   .            (no cloak)
rCorr   .            (no gloves)
SInv    +            (no boots)
Will    .....        (no amulet)
Stlth   ++           h - ring "Oplotet" {rF+ SInv Stlth+}
HPRegen 0.24/turn    (no ring)
MPRegen 0.10/turn

%: no passive effects
@: no status effects
A: AC +5, unfitting armour, cold-blooded, screaming 1, strong 2
a: no special abilities


You were on level 2 of the Dungeon.
You visited 1 branch of the dungeon, and saw 2 of its levels.

You collected 87 gold pieces.

Inventory:

Jewellery
 h - the ring "Oplotet" (left hand) {rF+ SInv Stlth+}
   (You found it on level 2 of the Dungeon)

   [ring of see invisible]

   rF+:       It protects you from fire.
   SInv:      It lets you see invisible.
   Stlth+:    It makes you more stealthy.
 i - an amulet of the acrobat
Scrolls
 g - a scroll of brand weapon {unknown}
Potions
 a - a potion of magic
 e - a potion of curing {unknown}
 f - a potion of degeneration {unknown}


   Skills:
 - Level 1.7 Dodging
 - Level 1.7 Stealth
 - Level 2.0 Spellcasting
 + Level 5.4 Conjurations


You had 3 spell levels left.
You knew the following spells:

 Your Spells              Type           Power      Damage    Failure   Level
a - Magic Dart            Conj           84%        1d7       1%          1
b - Searing Ray           Conj           42%        2d6       3%          2

Your spell library contained the following spells:

 Spells                   Type           Power      Damage    Failure   Level
 Fulminant Prism          Conj/Alch      5%         3d7       52%         4
 Iskenderun's Mystic Bla  Conj/Tloc      11%        2d4       52%         4


Dungeon Overview and Level Annotations

Branches:
Dungeon (2/15)

Altars:

Annotations:
D:2 Robin


Innate Abilities, Weirdness & Mutations

Your plain brown scales are hard. (AC +5)
You cannot fit into any form of body armour.
You are cold-blooded and may be slowed by cold attacks.
You occasionally shout uncontrollably at your foes.
Your muscles are very strong. (Str +8, Int/Dex -2)


Message History

Confirm with . or Enter, or press ? or * to list all spells.
Aiming: Magic Dart (safe; 1% risk of failure)
Press: ? - help, Shift-Dir - straight line, f/p - Robin
Aim: Robin, wielding a +6 club, wearing a +0 animal skin and wearing a +0 helmet (almost dead, 100% to hit)
The magic dart hits Robin.
Robin is almost dead.
Robin hits you with a +6 club. The hobgoblin closely misses you.
The hobgoblin hits you but does no damage.
You feel much better. Robin barely misses you.
The hobgoblin closely misses you. The hobgoblin hits you.
You hit Robin but do no damage.
Robin is almost dead.
Robin barely misses you.
The hobgoblin hits you but does no damage.
The hobgoblin barely misses you.
You hit Robin but do no damage.
Robin is almost dead.
Robin hits you with a +6 club. The hobgoblin closely misses you.
The hobgoblin hits you.
You barely miss Robin.
Robin is almost dead.
Robin hits you but does no damage. The hobgoblin hits you.
The hobgoblin closely misses you.
You hit Robin but do no damage.
Robin is almost dead.
Robin hits you with a +6 club!
* * * LOW HITPOINT WARNING * * *
The hobgoblin hits you.
* * * LOW HITPOINT WARNING * * *
The hobgoblin barely misses you.
It was a potion of mutation.
You feel extremely strange.
You feel the urge to shout.
You feel stronger. x2
Robin hits you but does no damage.
The hobgoblin hits you but does no damage. x2
As you read the scroll labelled QAACRIZAFI, it crumbles to dust.
You feel aware of your surroundings.
It was a scroll of revelation.
The hobgoblin no longer looks unusually strong.
Robin hits you with a +6 club.
You die...
Robin says, "And that's why I'm the boss."

###*** #....# ###
##....###....## #..
##....###....### #..
##....###......#######..
##....#####....#.....'..
##.......##....#.#####..
##.............'.# #..
##.....#.......### ###
####...@g.######
####..#gg.#####
####><.<#.#####
####.#)......##
#....'.)...#.##
#.##.#...#.#.##
****#.##.#........#
*,,,.....#........#
*,***.............#


You could see Robin and 2 hobgoblins.

Vanquished Creatures
  A ribbon worm (D:2)
  7 ball pythons
  3 endoplasms
  A giant cockroach (D:2)
  11 goblins
  3 hobgoblins
  7 jackals
  4 kobolds
  2 bats (D:1)
  2 frilled lizards (D:1)
  2 rats (D:2)
43 creatures vanquished.

Notes
Turn   | Place    | Note
-------+----------+-------------------------------------------
     0 | D:1      | hawla the Draconian Conjurer began the quest for the Orb.
     0 | D:1      | Reached XP level 1. HP: 14/14 MP: 3/3
   274 | D:1      | Reached XP level 2. HP: 20/20 MP: 3/5
   804 | D:2      | Reached skill level 5 in Conjurations
   834 | D:2      | Reached XP level 3. HP: 26/26 MP: 3/6
   837 | D:2      | Learned a level 2 spell: Searing Ray
  1156 | D:2      | Noticed Robin
  1340 | D:2      | Identified the +0 pair of boots of the Grue {rF- rCorr
                  | Str+3}
  1372 | D:2      | Found a faded altar of an unknown god.
  1538 | D:2      | Identified the ring "Oplotet" {rF+ SInv Stlth+}
  1593 | D:2      | Gained mutation: You occasionally shout uncontrollably at
                  | your foes. [potion of mutation]
  1593 | D:2      | Gained mutation: Your muscles are strong. (Str +4, Int/Dex
                  | -1) [potion of mutation]
  1593 | D:2      | Gained mutation: Your muscles are very strong. (Str +8,
                  | Int/Dex -2) [potion of mutation]
  1594 | D:2      | Slain by Robin

Illustrated notes

Levels and vault maps discovered:
D:1:      enne_arrival_octagon_isle, layout_rooms
D:2:      layout_basic, dreamdust_ecumenical_altar_angels_and_demons, uniq_robin

Skill      XL: |  1  2 |
---------------+-------+-----
Conjurations   | 5 |  5.4
Dodging        | |  1.7
Stealth        | |  1.7
Spellcasting   | |  2.0

Action                     || total
---------------------------++-------
  Melee: Unarmed           ||    54
         Tailslap          ||     3
   Cast: Magic Dart        ||    55
         Searing Ray       ||    10
    Use: Scroll            ||     4
         Potion            ||     3
 Armour: Skin              ||    55
  Dodge: Dodged            ||    48
